 Dungeon Crawl Stone Soup version 0.24.0-123-gd5b16e6ec5 (webtiles) character file.

Game seed: 3992039972491561117, levelgen mode: deterministic

4 vurker the Digger (level 1, -2/7 HPs)
             Began as a Felid Earth Elementalist on Feb 3, 2020.
             Slain by a leopard gecko (3 damage)
             ... on level 1 of the Dungeon.
             The game lasted 00:00:28 (104 turns).

vurker the Digger (Felid Earth Elementalist)         Turns: 104, Time: 00:00:29

Health: -2/7       AC:  1    Str:  4    XL:     1   Next: 58%
Magic:  0/4        EV: 18    Int: 16    God:
Gold:   31         SH:  0    Dex: 16    Spells: 3/4 levels left
                                        Lives:  0   Deaths: 0

rFire    . . .     SeeInvis +   (weapon unavailable)
rCold    . . .     Gourm    .   (shield unavailable)
rNeg     . . .     Faith    .   (armour unavailable)
rPois    .         Spirit   .   (helmet unavailable)
rElec    .         Reflect  .   (cloak unavailable)
rCorr    .         Harm     .   (gloves unavailable)
MR       .....                  (boots unavailable)
Stlth    +++.......             (no amulet)
HPRegen  0.02/turn              (no ring)
MPRegen  0.09/turn              (no ring)

@: quick
A: very small, no armour, no weapons or thrown items, stealth, claws 1, fangs 3,
see invisible, carnivore, speed 1, shaggy fur 1, slow metabolism 1, sharp paws
a: no special abilities


You were on level 1 of the Dungeon.
You were not hungry.

You visited 1 branch of the dungeon, and saw 1 of its levels.

You collected 31 gold pieces.

Inventory:

Missiles
 b - 24 stones
Scrolls
 a - 3 scrolls of identify {unknown}
Potions
 c - a potion of heal wounds {unknown}
Comestibles
 e - a ration


   Skills:
 + Level 0.2 Fighting
 - Level 2.6 Dodging
 - Level 2.6 Stealth
 * Level 2.1 Spellcasting
   Level 1.1 Transmutations
 * Level 2.8 Earth Magic


You had 3 spell levels left.
You knew the following spells:

 Your Spells              Type           Power        Failure   Level  Hunger
a - Sandblast             Erth           ##....       6%          1    #......

Your spell library contained the following spells:

 Spells                   Type           Power        Failure   Level  Hunger
 Passwall                 Tmut/Erth      #.......     14%         2    ###....
 Stone Arrow              Conj/Erth      #.....       34%         3    ###....
 Petrify                  Tmut/Erth      #.......     65%         4    #####..
 Lee's Rapid Deconstruct  Erth           ##........   87%         5    ######.


Dungeon Overview and Level Annotations

Branches:
Dungeon (1/15)

Altars:


Innate Abilities, Weirdness & Mutations

You cannot wear armour.
You are incapable of wielding weapons or throwing items.
Your paws allow you to move quietly. (Stealth)
You have sharp claws.
You have razor-sharp teeth.
You have supernaturally acute eyesight. (SInv)
You are carnivorous and can eat meat at any time.
You cover ground quickly.
You are covered in fur. (AC +1)
You have a slow metabolism.
Your sharp claws are effective at attacking unaware monsters.


Message History

c - a chunk of flesh You see here a frilled lizard skeleton. x2
Eating a chunk of flesh.
You eat the chunk of flesh.
This raw flesh tastes great.
c - a golden potion You see here a frilled lizard skeleton.
You now have 11 gold pieces.
You now have 21 gold pieces (gained 10).
You now have 31 gold pieces (gained 10).
Found 9 gold pieces.
A jackal comes into view.
Found a ration.
A jackal is nearby!
A jackal is nearby! 3 jackals come into view.
Found an escape hatch in the floor.
Aim: a jackal (resting)
The blast of sand hits the jackal.
b - 28 stones
Aim: a jackal (severely wounded)
The blast of sand hits the jackal.
You kill the jackal!
b - 27 stones The jackal barks! x2
A leopard gecko comes into view.
The leopard gecko is too close now for your liking.
You scratch the jackal. Your bite misses the jackal. The jackal misses you.
Aim: a jackal (moderately wounded)
The blast of sand hits the jackal.
You kill the jackal!
b - 26 stones
Aim: a jackal The blast of sand hits the jackal.
b - 25 stones The jackal barely misses you. x2
You don't have enough magic to cast that spell.
You closely miss the jackal. The jackal misses you.
You scratch the jackal. The jackal bites you. x2
* * * LOW HITPOINT WARNING * * *
You closely miss the jackal. The jackal misses you.
You scratch the jackal.
You kill the jackal!
You scratch the leopard gecko. You bite the leopard gecko.
The leopard gecko bites you.
* * * LOW HITPOINT WARNING * * *
Aim: a leopard gecko (almost dead, clinging)
The blast of sand misses the leopard gecko.
b - 24 stones The leopard gecko bites you.
You die...

#........# .......
#........# l.%....
#...[##### ....... .....#
....... .....#####
.......
.##......#########.$.....
....##.#.........#.......
###.##...........l.†.....
#.....÷...#####@#......h
#..##...........#....>..
#..##.#....##.#.#####...
#.....#.........# ..
#..........##.### .
#############.# #.. ####


You could see a leopard gecko.

Vanquished Creatures
  3 jackals (D:1)
  A frilled lizard (D:1)
4 creatures vanquished.

Notes
Turn   | Place    | Note
-------+----------+-------------------------------------------
     0 | D:1      | vurker the Felid Earth Elementalist began the quest for the
                  | Orb.
     0 | D:1      | Reached XP level 1. HP: 7/7 MP: 4/4
   104 | D:1      | Slain by a leopard gecko

Levels and vault maps discovered:
D:1:      lemuel_arrival_behind_the_door_small, layout_basic, st_stairs_8,
          hangedman_feature_mirror

Action                   || total
-------------------------++-------
Melee: Unarmed           ||     6
       Bite              ||     1
 Cast: Sandblast         ||     6
  Eat: Chunk             ||     1
Dodge: Dodged            ||     5
